 Dungeon Crawl Stone Soup version 0.23-a0-517-gb7c078159a (console) character file.

8 Harunobu the Skirmisher (level 2, -10/48 HPs)
             Began as an Ogre Berserker on Dec 6, 2018.
             Was a Follower of Trog.
             Mangled by a goblin
             ... wielding a +0 dagger of electrocution
              (12 damage)
             ... on level 1 of the Dungeon.
             The game lasted 00:00:30 (163 turns).

Harunobu the Skirmisher (Ogre Berserker)             Turns: 163, Time: 00:00:31

Health: -10/48     AC:  3    Str: 25    XL:     2   Next: 8%
Magic:  2/2        EV: 10    Int:  8    God:    Trog [*.....]
Gold:   0          SH:  0    Dex:  8    Spells: 1/1 levels left

rFire    . . .     SeeInvis .   a - +0 mace
rCold    . . .     Gourm    .   (no shield)
rNeg     . . .     Faith    .   b - +0 animal skin
rPois    .         Spirit   .   (helmet restricted)
rElec    .         Reflect  .   (no cloak)
rCorr    .         Harm     .   (gloves unavailable)
MR       .....                  (boots unavailable)
Stlth    ..........             (no amulet)
HPRegen  0.16/turn              (no ring)
MPRegen  0.08/turn              (no ring)

@: berserking, very quick
A: large, unfitting armour, tough skin 1
a: Berserk, Renounce Religion


You were on level 1 of the Dungeon.
You worshipped Trog.
Trog was aware of your devotion.
You were not hungry.

You visited 1 branch of the dungeon, and saw 1 of its levels.

Inventory:

Hand Weapons
 a - a +0 mace (weapon)
Armour
 b - a +0 animal skin (worn)
Scrolls
 d - a scroll of teleportation {unknown}
Comestibles
 c - a ration
 f - 5 chunks of flesh


   Skills:
 + Level 4.3 Fighting
 + Level 2.9 Maces & Flails
 + Level 2.8 Dodging


You had one spell level left.
You didn't know any spells.
Your spell library was empty.

Dungeon Overview and Level Annotations

Branches:
Dungeon (1/15)

Altars:


Innate Abilities, Weirdness & Mutations

You are too large for most types of armour.
You have tough skin. (AC +1)


Message History

The goblin hits you but does no damage.
You hit the goblin.
The goblin is moderately wounded.
The bat barely misses you. The goblin barely misses you. The bat misses you.
The goblin barely misses you.
You closely miss the bat. The bat hits you but does no damage. x2
The goblin hits you with a +0 dagger of electrocution.
You are electrocuted!
Ouch! That really hurt!
* * * LOW HITPOINT WARNING * * *
A red film seems to cover your vision as you go berserk!
You feel yourself moving faster!
You feel mighty!
You feel quite a bit more hungry. The bat barely misses you.
The goblin hits you with a +0 dagger of electrocution.
* * * LOW HITPOINT WARNING * * *
You closely miss the goblin. The bat hits you but does no damage. x2
The goblin hits you with a +0 dagger of electrocution.
* * * LOW HITPOINT WARNING * * *
You are electrocuted!
You die...

......##.###.##
####.###.#.##
#.........## #.######..#
#.# #..# # #.# #..#
#######.# ##.#
#..###......#.## ##.#
#........b...... ##.#
######.#@# ...#
#.#g####.### ...#
#####.#l.).....#
...#######.......#....#..
........)..##...##....#
##..#########...# .....#
....# ##.## .##..# ....#
#.# ## #..# ..### #.# ..#


You could see a leopard gecko, a goblin and a bat.

Vanquished Creatures
  A dart slug (D:1)
  A giant cockroach (D:1)
  A goblin (D:1)
  A hobgoblin (D:1)
  A frilled lizard (D:1)
  A rat (D:1)
6 creatures vanquished.

Notes
Turn   | Place    | Note
-------+----------+-------------------------------------------
     0 | D:1      | Harunobu the Ogre Berserker began the quest for the Orb.
     0 | D:1      | Reached XP level 1. HP: 24/24 MP: 1/1
    83 | D:1      | Reached XP level 2. HP: 25/32 MP: 2/2
   163 | D:1      | HP: 2/48 [goblin/+0 dagger of electrocution (3)]
   163 | D:1      | Mangled by a goblin

Vault maps used:
D:1:      psy_arrival_wood_between_worlds, serial_park_tiny_2,
          minmay_misc_feat_iff, hangedman_abyss_or_decor_stabs,
          doesnt_xom_only_xom

Action                   || total
-------------------------++-------
Melee: Mace              ||    26
Invok: Berserk           ||     1
Armor: Animal skin       ||    12
Dodge: Dodged            ||    25

Table legend:
 A = Non-vault XP
 B = Vault XP
 C = Vault XP percentage of total XP
 D = Non-vault monster count
 E = Vault monster count
 F = Vault count percentage of total count
                 A         B        C        D         E       F
            +---------+---------+-------+---------+---------+-------
      Total |      12 |       0 |   0.0 |       6 |       0 |   0.0
            +---------+---------+-------+---------+---------+-------
        D:1 |      12 |       0 |   0.0 |       6 |       0 |   0.0
            +---------+---------+-------+---------+---------+-------
